[Event "Early-Titled-Tuesday-Blitz-June-18-2024"]
[Site "Chess.com"]
[Date "2024.06.18"]
[Round "10"]
[White "Vaathi_Coming"]
[Black "jcibarra"]
[Result "1-0"]
[WhiteElo "2919"]
[BlackElo "3000"]
[TimeControl "180+1"]
[EndTime "9:58:33 PDT"]
[Termination "Vaathi_Coming won by resignation"]

1. g3 Nf6 2. Bg2 d6 3. b3 g6 4. Bb2 Bg7 5. Nf3 O-O 6. O-O e5 7. d3 Nh5 8. e4 c5 9. Nc3 Nc6 10. Nd5 f5 11. c3 Be6 12. Qc2 Rc8 13. Rad1 h6 14. Qe2 Kh7 15. h3 Qd7 16. Kh2 Rf7 17. Ne3 Rcf8 18. exf5 Bxf5 19. Nxf5 Qxf5 20. Nh4 Qg5 21. Bc1 Rxf2 22. Qxf2 Rxf2 23. Bxg5 Rxf1 24. Rxf1 hxg5 25. Nf3 Bf6 26. Nd2 Kg7 27. Nc4 Be7 28.
a3 Nd8 29. b4 cxb4 30. axb4 Nf6 31. Ne3 Kf7 32. Nd5 Ke6 33. Nxf6 Bxf6 34. c4 a6 35. Be4 Kf7 36. c5 dxc5 37. bxc5 Kg7 38. Rb1 Be7 39.
Bxb7 Bxc5 40. Bd5 g4 41. hxg4 a5 42. Rb5 Bb4 43. Rb8 Be7 44. Ra8 Kf6 45. Rxa5 Kg5 46.
Ra7 Bf6 47. Kh3 Kh6 48. Rd7 Kg5 49. Rc7 Kh6 50. Ra7 Kg5 51. Rd7 Kh6 52. Kg2 Kg5 53. Kf3 Kh6 54. Rd6 Be7 55. Rd7 Bf6 56. Rc7 Kg5 57.
Rc1 Kh6 58. Rh1+ Kg7 59. Ke4 Kf8 60. Rh7 Bg7 61. g5 Nf7 62. Bxf7 Kxf7 63. Rxg7+ Kxg7 64. Kxe5 1-0

[Event "Early-Titled-Tuesday-Blitz-June-18-2024"]
[Site "Chess.com"]
[Date "2024.06.18"]
[Round "10"]
[White "glucolisis04"]
[Black "Dewarfd"]
[Result "1-0"]
[WhiteElo "2276"]
[BlackElo "2133"]
[TimeControl "180+1"]
[EndTime "9:58:33 PDT"]
[Termination "glucolisis04 won by resignation"]

1. c3 d5 2. d3 g6 3. Qc2 Bg7 4. Nf3 Nf6 5. g3 c5 6. Bg2 O-O 7. O-O Nc6 8. Nbd2 e5 9. e4 Be6 10. Re1 d4 11. cxd4 cxd4 12. a3 Rc8 13. Qd1 Qd7 14.
b4 a6 15. Nb3 b6 16. Ng5 Bg4 17. f3 Be6 18. Nxe6 Qxe6 19. Bd2 Na7 20. a4 Rc6 21. f4 Qg4 22. fxe5 Qxd1 23. Rexd1 Ng4 24. Nxd4 Rcc8 25.
Rac1 Rcd8 26. Bc3 Ne3 27. Re1 Nxg2 28. Kxg2 Bxe5 29. Nf3 Bg7 30. Bxg7 Kxg7 31. d4 Rfe8 32. Rc7 Nc8 33. e5 Ne7 34. Ra7 Ra8 35. Rxa8 Rxa8 36.
Rc1 Nd5 37. b5 axb5 38. axb5 Ra2+ 39. Kh3 Rb2 40. Ng5 Rxb5 41. Rf1 f5 42. exf6+ Nxf6 43. Ne6+ Kf7 44. Nc7 Rb2 45. Nd5 Ke6 46. Nxf6 Rd2 47. Nxh7 Rxd4 48. Ng5+ Kd5 49. Nf3 Rd3 50. Nh4 g5 51.
Rf5+ Ke4 52. Rxg5 Rb3 53. Rg4+ Ke3 54. Nf5+ Kf3 55. Nd4+ Ke3 56. Nxb3 b5 57. Rg5 Kf2 58. Rxb5 Kg1 59. g4 Kf2 60. g5 Ke3 61. g6 Kf2 62. g7 Ke3 63. g8=B Kf2 64. Bc4 Ke3 65. Kg4 Ke4 66. Rf5 Ke3 67. h4 Ke4 68. h5 Ke3 69. h6 Ke4 70. h7 Ke3 71. h8=Q 1-0

[Event "Early-Titled-Tuesday-Blitz-June-18-2024"]
[Site "Chess.com"]
[Date "2024.06.18"]
[Round "10"]
[White "Chessbard1972"]
[Black "subham777"]
[Result "0-1"]
[WhiteElo "2272"]
[BlackElo "2598"]
[TimeControl "180+1"]
[EndTime "9:58:34 PDT"]
[Termination "subham777 won on time"]

1. e4 e6 2. d4 d5 3. e5 c5 4.
dxc5 Bxc5 5. Bd3 Nc6 6. Nf3 Nge7 7. Bf4 Ng6 8. Bg3 O-O 9. c3 f6 10. Bxg6 hxg6 11. O-O f5 12. Bf4 Be7 13. Qd2 Bd7 14.
b4 Rc8 15. Na3 Qb6 16. Nc2 a5 17. a3 axb4 18. axb4 Ra8 19. Ncd4 Nxd4 20. Nxd4 Rfc8 21. Rfc1 Rxa1 22. Rxa1 Rc4 23. Ra8+ Rc8 24. Rxc8+ Bxc8 25. g4 Qa6 26. gxf5 gxf5 27. Bg5 Qa1+ 28. Kg2 Bf8 29. h4 Qb1 30. Nc2 Bd7 31. f3 Bb5 32. Ne3 Bc6 33. Nc2 d4 34. Nxd4 Bd5 35. h5 Qa1 36. h6 gxh6 37. Bxh6 Be7 38. Qf2 Qxc3 39. Qg3+ Kf7 40. Ne2 Qb2 41. Qf2 Bxb4 42. Nf4 Qxf2+ 43. Kxf2 Bc4 44.
Ke3 Bc5+ 45. Kd2 b5 46. Kc3 Be3 47. Bg5 Bb6 48. Bf6 Ba5+ 49. Kd4 Ba2 50. Nd3 b4 51.
Nb2 b3 52. Kc4 Bb6 53. Nd3 Be3 54. Nb2 Bh6 55. Kc3 Bg7 56. Bxg7 Kxg7 57. Nd3 Kg6 58. Nc5 Kf7 59. f4 Ke7 60. Nxb3 Kd7 61. Nc5+ Kc6 62. Kd4 Bd5 63. Nd3 Kb5 0-1

[Event "Early-Titled-Tuesday-Blitz-June-18-2024"]
[Site "Chess.com"]
[Date "2024.06.18"]
[Round "10"]
[White "Omranalhosani21"]
[Black "sirinbaba33"]
[Result "0-1"]
[WhiteElo "2553"]
[BlackElo "2442"]
[TimeControl "180+1"]
[EndTime "9:58:34 PDT"]
[Termination "sirinbaba33 won on time"]

1. d4 Nf6 2. c4 e6 3. Nc3 d5 4. cxd5 exd5 5. Bg5 Bb4 6. Qc2 c5 7. dxc5 Nc6 8. a3 Qa5 9. Bxf6 gxf6 10. O-O-O Bxc5 11. Rxd5 Be6 12. e4 Bxd5 13. Nxd5 Qe1+ 14. Qd1 Qxd1+ 15.
Kxd1 O-O-O 16. g3 Kb8 17. Bd3 f5 18. f3 fxe4 19. fxe4 f5 20. Ne2 fxe4 21. Bxe4 Rhe8 22. Bf3 Re3 23. Bg2 Rd3+ 24. Kc2 R3xd5 25. Bxd5 Rxd5 26. Nf4 Rf5 27. Re1 Bd6 28. Re8+ Kc7 29. Nd3 Rh5 30. Kc3 Rxh2 31. g4 Rh4 32. Rg8 Ne5 33. Rg7+ Kc6 34. Nf2 Nd7 35. Rg8 Nc5 36. b4 Be5+ 37.
Kd2 Rh2 38. Ke3 Nd7 39. Ne4 Rh3+ 40. Ke2 Rxa3 41. Rc8+ Kd5 42. Ng5 Nf6 43. Rd8+ Kc4 44.
b5 Kxb5 45. Ne6 b6 46. Ra8 a5 47. g5 Ng4 48. Nf8 Re3+ 49. Kd2 Rh3 50. Re8 Bf4+ 51.
Kc2 Bxg5 52. Ne6 h6 53. Nc7+ Kc6 54. Na6 Ne3+ 55. Kd2 Nd5+ 56. Kc2 Rh2+ 0-1

[Event "Early-Titled-Tuesday-Blitz-June-18-2024"]
[Site "Chess.com"]
[Date "2024.06.18"]
[Round "10"]
[White "kinga2008"]
[Black "rachidhuilda"]
[Result "0-1"]
[WhiteElo "2545"]
[BlackElo "2417"]
[TimeControl "180+1"]
[EndTime "9:58:35 PDT"]
[Termination "rachidhuilda won by resignation"]

1. e4 d5 2. exd5 Qxd5 3. Nf3 Bg4 4. Nc3 Qe6+ 5. Qe2 Qxe2+ 6. Bxe2 c6 7. d4 e6 8. O-O Nd7 9. Bf4 Ngf6 10. h3 Bh5 11. Ne5 Bxe2 12. Nxe2 Be7 13. Nxd7 Nxd7 14. c4 Nf6 15.
Rfd1 Rd8 16. Rac1 O-O 17. Nc3 Rd7 18. Be5 Rfd8 19. Rd2 Bb4 20. Bxf6 gxf6 21. Rcd1 Bxc3 22. bxc3 b5 23. cxb5 cxb5 24. Kf1 Rc8 25. Rd3 Rc4 26.
Ke2 Rdc7 27. Kd2 Ra4 28. Ke3 Rxa2 29. Rb1 a6 30. g4 Ra3 31. Kd2 Kg7 32. f4 Rc4 33. f5 Ra2+ 34. Ke3 Rh2 35. Ke4 Ra4 36. Rf1 Ra3 37. fxe6 fxe6 38. Rdf3 Re2+ 39. Kd3 Rh2 40.
Rxf6 Rxh3+ 41. Ke4 Raxc3 42. Rxe6 Rce3+ 43. Kd5 Rxe6 44. Kxe6 b4 45. d5 Rd3 46. d6 b3 47.
d7 a5 48. Ra1 b2 49. Rb1 Re3+ 50. Kd6 Rd3+ 51. Kc7 Rc3+ 52. Kd8 Rc2 53. g5 a4 54.
Ke8 Re2+ 55. Kd8 a3 56. Kc7 Rc2+ 57. Kb7 Rd2 58. Kc7 Rxd7+ 59. Kxd7 a2 60. Rxb2 a1=Q 61. Rb7 Qd4+ 62. Ke6+ Kg6 63. Rb5 Qc4+ 64. Rd5 Qxd5+ 65. Kxd5 Kxg5 66. Ke4 Kg4 67. Ke3 Kg3 68. Ke2 Kg2 69. Ke3 h5 0-1

[Event "Early-Titled-Tuesday-Blitz-June-18-2024"]
[Site "Chess.com"]
[Date "2024.06.18"]
[Round "10"]
[White "Losingexperience"]
[Black "GelmanAlexander"]
[Result "1-0"]
[WhiteElo "2768"]
[BlackElo "2658"]
[TimeControl "180+1"]
[EndTime "9:58:37 PDT"]
[Termination "Losingexperience won by resignation"]

1. e4 c5 2. Nf3 e6 3. d4 cxd4 4. Nxd4 a6 5. Bd3 d6 6. O-O Nf6 7. c4 Bd7 8. Nc3 Nc6 9. Nb3 Ne5 10. f4 Nxd3 11. Qxd3 Qc7 12. Be3 Rc8 13. Nd2 Be7 14. h3 O-O 15. Rac1 Rfd8 16. Rfe1 h6 17. Qe2 Qb8 18. Bb6 Re8 19. e5 dxe5 20. fxe5 Nh7 21. Nf3 Bc6 22. Ne4 Bxe4 23. Qxe4 Ng5 24. Nxg5 Bxg5 25.
Rcd1 Bd8 26. Be3 Be7 27. Rd7 Rc7 28. Red1 Qc8 29. Rxc7 Qxc7 30. b3 b5 31. Rc1 bxc4 32.
Rxc4 Qa5 33. a4 Qe1+ 34. Kh2 Rb8 35. Qd3 Rd8 36. Qe4 a5 37. Qf3 h5 38. Rc7 Qb4 39.
Bc5 Qxc5 40. Rxc5 Bxc5 41. Qxh5 Rd5 42. Qe2 Bd4 43. Qc4 Bxe5+ 44. Kg1 Bd6 45. Kf2 g5 46.
Kf3 Kg7 47. g4 Kf6 48. Qc8 Kg7 49. Ke4 Bb4 50. Qc1 Bd2 51. Qc6 Bb4 52. Qc7 Bd6 53. Qc3+ Kg6 54. Qh8 Be5 55. Qh5+ Kf6 56. Qh6+ Ke7 57.
Qxg5+ Bf6 58. Qc1 Rd4+ 59. Kf3 Kd6 60. Qa3+ Rb4 61. Qa2 Bd4 62. Qc2 e5 63. h4 Bc5 64.
h5 Rf4+ 65. Kg3 Bf2+ 66. Qxf2 Rxf2 67. Kxf2 Ke6 68. Ke3 Kf6 69. Ke4 1-0

[Event "Early-Titled-Tuesday-Blitz-June-18-2024"]
[Site "Chess.com"]
[Date "2024.06.18"]
[Round "10"]
[White "GlavkonVVS"]
[Black "Journey_to_GrandMaster_YT"]
[Result "1/2-1/2"]
[WhiteElo "2545"]
[BlackElo "2638"]
[TimeControl "180+1"]
[EndTime "9:58:37 PDT"]
[Termination "Game drawn - insufficient material"]

1. c4 d6 2. Nc3 Nf6 3. d4 e5 4.
dxe5 dxe5 5. Qxd8+ Kxd8 6. Nf3 Nbd7 7. Bd2 c6 8. O-O-O Bc5 9. e3 Ke7 10. h3 Rd8 11. Bd3 h6 12. a3 a5 13. Kc2 Bb6 14.
b4 Bc7 15. c5 Nf8 16. Bc4 Be6 17. Bxe6 Nxe6 18. Bc1 axb4 19. axb4 Rxd1 20. Rxd1 Nd7 21. Bb2 b6 22. b5 Ndxc5 23. bxc6 f6 24. Nd5+ Ke8 25. Nh4 Bd8 26. Nf5 Kf8 27. Nd6 Be7 28.
Nf5 Bd8 29. Nd6 Bc7 30. Nb5 Rc8 31. Ba3 Bd8 32. c7 Bxc7 33. Nbxc7 Nxc7 34. Nxb6 Nb5 35. Nd7+ Kf7 36. Bxc5 Rc7 37. Kb3 Na7 38. Bxa7 Rxa7 39. Nc5 Re7 40. Kc4 Kg6 41. Rd6 Ra7 42. Rd2 Ra1 43.
g3 Rc1+ 44. Kd5 Rh1 45. h4 Rc1 46. e4 Rc3 47. Nd3 Kh5 48. f3 Kg6 49. Kd6 Ra3 50. g4 h5 51. Kd5 hxg4 52. fxg4 Ra4 53. Nc5 Ra5 54. Rf2 Ra1 55. Rf5 Rd1+ 56. Ke6 Rg1 57.
g5 Rg4 58. gxf6 gxf6 59. h5+ Kg7 60. Nd7 Rxe4 61. Nxf6 Rh4 62. Kxe5 Kh6 63. Ng8+ Kg7 64. Ne7 Kh6 65. Nd5 Rxh5 66. Nf4 Rxf5+ 67. Kxf5 1/2-1/2

[Event "Early-Titled-Tuesday-Blitz-June-18-2024"]
[Site "Chess.com"]
[Date "2024.06.18"]
[Round "10"]
[White "Evan_Attaker"]
[Black "Sanan_Sjugirov"]
[Result "0-1"]
[WhiteElo "2738"]
[BlackElo "2955"]
[TimeControl "180+1"]
[EndTime "9:58:38 PDT"]
[Termination "Sanan_Sjugirov won by checkmate"]

1. a3 d5 2. Nf3 Bg4 3. Ne5 Bf5 4. b3 Nd7 5. Bb2 e6 6. e3 Nxe5 7. Bxe5 Nf6 8. Be2 Bd6 9. Bxd6 Qxd6 10. d4 O-O 11. O-O c5 12. Nd2 cxd4 13. exd4 Rac8 14. Ra2 Rc3 15. Nb1 Rc7 16. c4 dxc4 17. bxc4 Rd8 18.
Rd2 Rcd7 19. Qb3 Qc7 20. Rfd1 Bxb1 21. Qxb1 b6 22. h3 e5 23. d5 Qc5 24. Qb4 Ne4 25. Qxc5 Nxc5 26. Rb2 f5 27. f3 Kf7 28. Kf2 Kf6 29. Rb4 Rc8 30. Rdb1 g6 31. a4 Nb7 32.
Ke3 Na5 33. g4 Rdc7 34. Rc1 Nb7 35. h4 Rc5 36. gxf5 gxf5 37. f4 Rxd5 38. cxd5 Rxc1 39. h5 Rc3+ 40. Kd2 Rc5 41. fxe5+ Kxe5 42. Bf3 Nd6 43.
Ke3 Rc3+ 44. Kf2 Rc4 45. Rb1 Rxa4 46. Rc1 Kf4 47. Rc2 b5 48. Ke2 Nc4 49. Kf2 Ra3 50.
Bg2 Ne3 51. Rd2 Nc4 52. Re2 Rd3 53. Re7 Rd2+ 54. Kg1 Ne3 55. Bh1 Rd1+ 56. Kh2 Ng4+ 57. Kg2 Rxd5 58. Rxh7 Rd2+ 59. Kf1 Rd1+ 60. Kg2 b4 61.
Rxa7 Rd2+ 62. Kf1 Rd1+ 63. Kg2 b3 64. Ra4+ Kg5 65. Rb4 Rd2+ 66. Kg3 b2 67. Bf3 Ne3 68. h6 Nf1+ 69. Kh3 Rh2# 0-1

[Event "Early-Titled-Tuesday-Blitz-June-18-2024"]
[Site "Chess.com"]
[Date "2024.06.18"]
[Round "10"]
[White "esskeettit"]
[Black "Chempiblinka"]
[Result "1-0"]
[WhiteElo "2510"]
[BlackElo "2362"]
[TimeControl "180+1"]
[EndTime "9:58:38 PDT"]
[Termination "esskeettit won on time"]

1. d4 Nf6 2. c4 g6 3. Nc3 Bg7 4. e4 d6 5. Nf3 O-O 6. Be2 Bg4 7. Be3 Nfd7 8. Rc1 Nc6 9. d5 Bxf3 10. Bxf3 Na5 11. Be2 b6 12. b4 Nb7 13. O-O a5 14.
b5 Nbc5 15. Bd4 e5 16. dxe6 fxe6 17. Bxg7 Kxg7 18. Bg4 e5 19. Bxd7 Qxd7 20. f3 Rf7 21. Qd2 Raf8 22. Rcd1 Qe6 23. Nd5 Qd7 24. Qg5 Qd8 25. Qg3 Ne6 26. Rfe1 Nd4 27. Rd3 h5 28. h3 Kh7 29. Kh1 Qd7 30. Red1 Qe6 31. Kh2 Ne2 32. Qf2 Nf4 33. R3d2 g5 34. Qg3 Kh6 35. a4 Nxh3 36.
Qxh3 Qg6 37. Ne3 Kg7 38. Nf5+ Kg8 39. Qg3 g4 40. fxg4 hxg4 41. Qxg4 Rh7+ 42. Kg3 Rf6 43. Qxg6+ Rxg6+ 44. Kf2 Rh2 45. Rg1 Kf7 46. Rd3 Rg4 47. Rf3 Ke6 48. Ng3 Rh7 49. Rf5 Rhg7 50. Rf3 Kd7 51. Rh1 Kc8 52. Rh8+ Kb7 53. Rhf8 c6 54.
R8f7+ Rxf7 55. Rxf7+ Kc8 56. bxc6 Rh4 57. c7 Rh2 58.
Nf5 1-0

[Event "Early-Titled-Tuesday-Blitz-June-18-2024"]
[Site "Chess.com"]
[Date "2024.06.18"]
[Round "10"]
[White "maximnovik"]
[Black "Timerkhanov"]
[Result "1/2-1/2"]
[WhiteElo "2570"]
[BlackElo "2717"]
[TimeControl "180+1"]
[EndTime "9:58:39 PDT"]
[Termination "Game drawn by stalemate"]

1. e4 c5 2. Nf3 a6 3. c3 d5 4.
exd5 Qxd5 5. d4 Nf6 6. Be2 e6 7. O-O Nc6 8. c4 Qd8 9. dxc5 Qxd1 10. Rxd1 Bxc5 11. Nc3 O-O 12. a3 a5 13. Bf4 h6 14.
Ne5 Nxe5 15. Bxe5 Nd7 16. Bd6 Bxd6 17. Rxd6 Nc5 18. Rad1 Rb8 19. b4 axb4 20. axb4 Na6 21. Rb1 e5 22. c5 Nc7 23. Nb5 Bf5 24. Rbd1 Ne6 25. Bf3 e4 26. Be2 Nf4 27. Bf1 Bg4 28. R1d4 Rfe8 29. h3 Bh5 30. g4 Bg6 31. Kh2 Ne6 32.
Rd2 Ng5 33. Bg2 e3 34. fxe3 Rxe3 35. Rd8+ Rxd8 36. Rxd8+ Kh7 37. Bxb7 Rxh3+ 38. Kg2 Rb3 39. Rd4 Ne6 40. Rc4 Bd3 41. Be4+ Bxe4+ 42. Rxe4 Nxc5 43.
bxc5 Rxb5 44. Rc4 Rb7 45. c6 Rc7 46. Kf3 Kg6 47. Ke4 Kg5 48. Ke5 Rc8 49. c7 f5 50.
gxf5 h5 51. Kd6 h4 52. Kd7 Ra8 53. c8=Q Rxc8 54. Kxc8 h3 55. Kd7 h2 56. Rc1 Kxf5 57. Rh1 g5 58. Rxh2 g4 59. Ra2 g3 60. Kd6 Kf4 61. Kd5 Kf3 62. Ra3+ Kf2 63. Ke4 g2 64. Ra2+ Kg1 65. Kf3 Kh1 66. Rxg2 1/2-1/2

[Event "Early-Titled-Tuesday-Blitz-June-18-2024"]
[Site "Chess.com"]
[Date "2024.06.18"]
[Round "10"]
[White "blitzking1729"]
[Black "FGHSMN"]
[Result "1-0"]
[WhiteElo "2842"]
[BlackElo "2899"]
[TimeControl "180+1"]
[EndTime "9:58:41 PDT"]
[Termination "blitzking1729 won on time"]

1. Nf3 Nf6 2. d4 b6 3. g3 Bb7 4. Bg2 g6 5. O-O Bg7 6. Re1 O-O 7. Nbd2 c5 8. e4 cxd4 9. e5 Ne8 10. Nb3 Nc6 11. Nfxd4 Qc8 12. Nf3 Nc7 13. h4 Ne6 14. h5 Rd8 15. h6 Bh8 16. Qe2 d6 17.
exd6 Rxd6 18. c3 Qc7 19. Ng5 Rad8 20. Ne4 R6d7 21. Bh3 Ne5 22. Bxe6 fxe6 23. Bf4 Qc6 24. Nd4 Qd5 25. f3 Nf7 26. Red1 e5 27. Nb3 Qxd1+ 28. Rxd1 Rxd1+ 29. Kg2 exf4 30. Ned2 R1xd2 31. Nxd2 Bf6 32. gxf4 Nxh6 33. Ne4 Nf5 34. Qc4+ Bd5 35. Qc7 Ra8 36. a4 Nh4+ 37. Kf2 Nf5 38. Qd7 Bf7 39. b4 Bh4+ 40. Kg2 Ne3+ 41. Kh3 Bf6 42. a5 bxa5 43. bxa5 Nd5 44. Kg3 Nxc3 45. Nxf6+ exf6 46. Qc6 Ne2+ 47. Kf2 Re8 48. Qb7 Nxf4 49. Qxa7 Nd3+ 50. Kg3 h5 51. a6 g5 52. Qb6 h4+ 53. Kg2 Nf4+ 54.
Kf2 Re2+ 55. Kf1 Kg7 56. Qb7 Ra2 57. a7 Kg6 58. a8=Q Bc4+ 59. Kg1 1-0

[Event "Early-Titled-Tuesday-Blitz-June-18-2024"]
[Site "Chess.com"]
[Date "2024.06.18"]
[Round "10"]
[White "TitarovVasiliYouTube"]
[Black "Zampronha1971"]
[Result "1-0"]
[WhiteElo "2580"]
[BlackElo "2407"]
[TimeControl "180+1"]
[EndTime "9:58:43 PDT"]
[Termination "TitarovVasiliYouTube won on time"]

1. e4 c5 2. Nf3 e6 3. c3 Nf6 4.
e5 Nd5 5. d4 cxd4 6. cxd4 b6 7.
Nc3 Nxc3 8. bxc3 Qc7 9. Bd2 Bb7 10. Bd3 d6 11. O-O Nd7 12. Re1 Be7 13. h4 dxe5 14. Nxe5 Nxe5 15. Rxe5 Bf6 16. Bb5+ Bc6 17. Qf3 Rc8 18.
Bxc6+ Qxc6 19. Qxc6+ Rxc6 20. Rb5 Bxh4 21. a4 Bd8 22. a5 Kd7 23. axb6 Bxb6 24. g4 Rhc8 25. Kg2 Rd6 26. Rh5 h6 27. Kf3 Rd5 28. Rh3 Rb5 29.
Ke4 Rb2 30. Kd3 Rb5 31. Rf3 f6 32. Re3 e5 33. Re4 exd4 34. Rae1 Re5 35. Rxe5 fxe5 36. Rxe5 dxc3 37. Bxc3 Rc7 38. f4 Kd8 39. Re6 Rf7 40. f5 Bc5 41. Rg6 Bf8 42. Ke4 Rd7 43. Ke5 Ke8 44. Kf4 Re7 45. Bb4 Rb7 46. Bc3 Kf7 47. Ra6 Bd6+ 48. Ke4 Bb8 49. Rg6 Kg8 50. Bd4 Kh7 51.
Ra6 Rd7 52. Bc3 Rb7 53. Re6 Rd7 54. Ba5 Rb7 55. Re8 Rb5 56. Bc3 Rb7 57. Kd5 Rb5+ 58. Kc6 Rb3 59. Bd4 Bf4 60. Re7 h5 61. Rxg7+ Kh6 62. Rg6+ Kh7 63. g5 h4 64. Rg7+ Kh8 65. Rb7+ Kg8 66. Rxb3 1-0

[Event "Early-Titled-Tuesday-Blitz-June-18-2024"]
[Site "Chess.com"]
[Date "2024.06.18"]
[Round "10"]
[White "FARIZA2018"]
[Black "Roedor"]
[Result "0-1"]
[WhiteElo "2588"]
[BlackElo "2455"]
[TimeControl "180+1"]
[EndTime "9:58:45 PDT"]
[Termination "Roedor won by resignation"]

1. e4 e5 2. Nf3 Nc6 3. Bb5 Nf6 4. d3 Bc5 5. O-O Nd4 6. Nxd4 Bxd4 7. c3 Bb6 8. a4 c6 9. Bc4 O-O 10. Bg5 d5 11. exd5 cxd5 12. Bxf6 gxf6 13. Bb3 Kh8 14. d4 Be6 15. Na3 Rg8 16. Kh1 Qf8 17. Nc2 Qg7 18. Ne3 Rad8 19. a5 Bc7 20. g3 f5 21. dxe5 Qxe5 22.
Qd4 f4 23. Nc2 f6 24. Qxe5 fxe5 25. gxf4 exf4 26. Nd4 Bh3 27. Rg1 Rxg1+ 28. Rxg1 Bxa5 29. Rg5 Bb6 30. f3 Re8 31. Bxd5 h6 32. Rg1 Bxd4 33. cxd4 Re2 34. Bxb7 Rxb2 35. Be4 a5 36. Ra1 a4 37. Rxa4 Rd2 38. Kg1 Rd1+ 39. Kf2 Rh1 40. Ra8+ Kg7 41. Ra7+ Kf6 42. Ra6+ Kg5 43. Rg6+ Kh5 44. d5 Rxh2+ 45. Ke1 Bg2 46. Rg8 Bh3 47. d6 Rb2 48. Rg7 Rb6 49.
d7 Rd6 50. Bg6+ Kh4 51. Be8 h5 52. Rh7 Bxd7 53. Rxd7 Rxd7 54. Bxd7 Kg3 55. Ke2 Kg2 56. Bf5 h4 57. Bg4 h3 58. Bxh3+ Kxh3 59. Kf2 Kh2 60.
Kf1 Kg3 61. Kg1 Kxf3 62. Kf1 Kg3 63. Kg1 f3 64. Kf1 f2 0-1

[Event "Early-Titled-Tuesday-Blitz-June-18-2024"]
[Site "Chess.com"]
[Date "2024.06.18"]
[Round "10"]
[White "LileKoridze"]
[Black "BestestBP"]
[Result "0-1"]
[WhiteElo "2404"]
[BlackElo "2275"]
[TimeControl "180+1"]
[EndTime "9:58:48 PDT"]
[Termination "BestestBP won by resignation"]

1. d4 Nf6 2. c4 d6 3. Nc3 Nbd7 4.
e4 g6 5. Nf3 Bg7 6. Be2 O-O 7.
O-O e5 8. d5 Nc5 9. Nd2 a5 10.
b3 c6 11. dxc6 bxc6 12. Ba3 Ne6 13. Nf3 c5 14. Qd3 Nf4 15. Qd2 Bb7 16. Rfd1 Nxe4 17. Nxe4 Bxe4 18. Qe3 Nxe2+ 19. Qxe2 Bxf3 20. gxf3 Qg5+ 21. Kh1 Rad8 22. Rd5 Qh4 23. Rad1 Bh6 24. Qf1 Bf4 25. Qg2 Qe7 26. Bc1 Bxc1 27. Rxc1 f5 28. Rcd1 Rf6 29. Qf1 e4 30. fxe4 fxe4 31. Qg2 Rdf8 32. R5d2 e3 33. fxe3 Qxe3 34. Qd5+ Kh8 35. Qg2 Kg7 36. Qb7+ R8f7 37.
Qg2 Rf2 38. Rxf2 Rxf2 39. Qb7+ Rf7 40. Qg2 Qe5 41. Rc1 Qf4 42. Rd1 Qe5 43. Rc1 h5 44.
Rg1 Qe6 45. h3 Qf6 46. Rd1 Re7 47. Rg1 Qe6 48. Rd1 Rf7 49. Rg1 Rf6 50. Rd1 Qe5 51. Rg1 Qf5 52. Rd1 Kh6 53. Rg1 Qf3 54. Kh2 Qxg2+ 55.
Kxg2 g5 56. Rd1 Kg6 57. Rd5 Re6 58. Kf3 Kf6 59. Rd2 Ke7 60. Rd5 Rf6+ 61. Ke4 Rf4+ 62.
Ke3 Rf6 63. Rxg5 Rh6 64. Kf4 Ke6 65. Rd5 Rf6+ 66. Kg5 Rf2 67. Kxh5 Rxa2 68. Rd3 Ra3 69. Re3+ Kd7 70. Rg3 Kc6 71. Kg4 a4 72. bxa4 Rxa4 73.
Rc3 d5 74. h4 dxc4 75. h5 Kb5 76. h6 Kb4 77. Rh3 Ra8 78. Kf5 Rh8 79. Ke4 c3 80. Kd3 Kb3 81. Ke2 c4 82. Kd1 Kb2 83. Rh2+ Kb1 84. h7 Rd8+ 85. Ke1 c2 86. h8=Q Rxh8 87. Rxh8 c1=Q+ 0-1

[Event "Early-Titled-Tuesday-Blitz-June-18-2024"]
[Site "Chess.com"]
[Date "2024.06.18"]
[Round "10"]
[White "aot317"]
[Black "mostafa_sakha"]
[Result "1-0"]
[WhiteElo "2533"]
[BlackElo "2394"]
[TimeControl "180+1"]
[EndTime "9:58:50 PDT"]
[Termination "aot317 won on time"]

1. e4 e5 2. Nf3 Nc6 3. Bc4 Nf6 4. Ng5 d5 5. exd5 Na5 6. Bb5+ c6 7. dxc6 bxc6 8. Bd3 Nd5 9. Nf3 Bd6 10. O-O Nf4 11. Re1 Nxd3 12. cxd3 O-O 13. Nxe5 c5 14. Nc3 Bb7 15.
Nf3 Nc6 16. Ne4 Nd4 17. Nxd4 cxd4 18. b3 Be7 19. Bb2 f5 20. Ng3 Qd5 21. f3 Bh4 22.
Re2 g5 23. Rc1 g4 24. fxg4 fxg4 25. Re4 h5 26. Qe2 Bf6 27. Rc4 Rad8 28. Bxd4 Bxd4+ 29. Rexd4 Qf7 30. Rxd8 Rxd8 31. Ne4 Ba6 32. Rc5 Bxd3 33.
Rg5+ Kf8 34. Qe1 Re8 35. Qf2 Qxf2+ 36. Kxf2 Rxe4 37. Rf5+ Ke7 38. Rxh5 Re2+ 39. Kg3 Rxd2 40. Ra5 a6 41. Rd5 Ke6 42. Rd8 Kf5 43. a4 Ke4 44. Re8+ Kd4 45. Rd8+ Kc3 46. b4 Kxb4 47. h4 gxh3 48.
gxh3 Kxa4 49. h4 Kb3 50. h5 Kc3 51. h6 Rd1 52. h7 Rg1+ 53. Kf2 Rf1+ 54. Kg2 Bxh7 55.
Kxf1 Bd3+ 56. Ke1 Bb5 57. Kd1 Kc4 58. Kc2 Kb4 59. Kb2 Kc4 60. Rc8+ Kb4 61. Rh8 Kc4 62.
Rh4+ Kd3 63. Kb3 Ke3 64. Kc3 Ke2 65. Rh7 1-0

[Event "Early-Titled-Tuesday-Blitz-June-18-2024"]
[Site "Chess.com"]
[Date "2024.06.18"]
[Round "10"]
[White "nihalsarin"]
[Black "Msb2"]
[Result "1-0"]
[WhiteElo "3204"]
[BlackElo "3064"]
[TimeControl "180+1"]
[EndTime "9:58:51 PDT"]
[Termination "nihalsarin won by resignation"]

1. d4 d5 2. c4 e6 3. Nf3 Nf6 4. e3 Bd6 5. Nc3 O-O 6. Qc2 dxc4 7. Bxc4 Nc6 8. O-O e5 9. h3 h6 10. a3 Qe8 11. Bd3 a6 12. Bd2 Qe7 13. Ne4 Re8 14. Rfe1 Kh8 15. Bc3 Nd5 16. Nxd6 cxd6 17. Be4 Nxc3 18.
Qxc3 Bd7 19. dxe5 dxe5 20. Red1 f5 21. Bd5 Rac8 22. Qb3 b5 23. Rac1 e4 24. Bxc6 Bxc6 25. Nd4 Bd7 26. Qd5 Rf8 27. Rxc8 Bxc8 28. Rc1 f4 29.
Qc5 Qf6 30. Qc6 Qe7 31. Qc7 Qh4 32. Qd6 Rd8 33. Qe5 fxe3 34. fxe3 Bxh3 35. gxh3 Qxh3 36. Qf4 Rd5 37. Kf2 Rg5 38. Rg1 Rxg1 39. Kxg1 Qh5 40. Qxe4 Qd1+ 41. Kf2 Qd2+ 42. Ne2 Qxb2 43. Qa8+ Kh7 44.
Qxa6 h5 45. Qe6 Qxa3 46. Qf5+ g6 47. Qxb5 Qf8+ 48. Nf4 Qd6 49. Kf3 Qf6 50. Qd7+ Kh6 51. Qe8 Qf5 52. Qh8+ Kg5 53. Qd8+ Kh6 54. Qe8 h4 55.
Qh8+ Kg5 56. Qd8+ Qf6 57. Qxf6+ Kxf6 58. Kg4 g5 59. Nh3 Ke5 60. Nxg5 h3 61. Kxh3 Kf5 62.
Kh4 Ke5 63. Kg4 Kd6 64. Kf4 Kd7 65. e4 Kd8 66. e5 Kc8 67. Kf5 Kb7 68. e6 1-0

[Event "Early-Titled-Tuesday-Blitz-June-18-2024"]
[Site "Chess.com"]
[Date "2024.06.18"]
[Round "10"]
[White "Lestofante90"]
[Black "Rutricks"]
[Result "0-1"]
[WhiteElo "2943"]
[BlackElo "2771"]
[TimeControl "180+1"]
[EndTime "9:58:51 PDT"]
[Termination "Rutricks won by resignation"]

1. e4 g6 2. d4 Bg7 3. Nc3 c6 4. Bc4 d5 5. exd5 b5 6. Bb3 b4 7. Nce2 cxd5 8. a3 bxa3 9. Rxa3 Nf6 10. Nf3 Bg4 11. Ne5 Bxe2 12. Ba4+ Nbd7 13. Qxe2 O-O 14. Bxd7 Nxd7 15. Nc6 Qb6 16. Nxe7+ Kh8 17. Nxd5 Qc6 18. Ne3 Bxd4 19. O-O Rfe8 20. Rd1 Bg7 21. Qc4 Qb7 22. Qxf7 Nc5 23. Qxb7 Nxb7 24. Rd7 Reb8 25. b4 a5 26. bxa5 Nc5 27. Rd1 Rb1 28. a6 Nxa6 29. g3 h5 30.
Bd2 Rb6 31. Bc3 Rc8 32. Bxg7+ Kxg7 33. Rd7+ Kh6 34. h4 Nc5 35. Re7 Ne6 36. Raa7 Nf8 37.
Nd5 Rd6 38. Ne3 Re6 39. Rf7 Ree8 40. Kg2 Rc6 41. Kh3 Rc3 42. Kg2 Rc6 43. c4 Rd6 44. Nd5 g5 45. hxg5+ Kxg5 46. f4+ Kg6 47. Rg7+ Kh6 48. f5 Re5 49. Nf4 Rxf5 50. Rge7 h4 51. Kh3 hxg3 52. Kxg3 Rg5+ 53. Kf3 Rf6 54. Ke4 Rg4 55. Ke5 Rgxf4 56. c5 R4f5+ 57. Kd4 Ng6 58. Red7 Rf4+ 59. Kc3 Rf3+ 60. Kc4 Ne5+ 61. Kb5 Nxd7 62.
Rxd7 R6f5 63. Kb6 Rb3+ 64. Kc6 Rc3 65. Rd5 Kg6 66. Rd6+ Kf7 67. Rd7+ Ke8 68. Rh7 Rfxc5+ 69. Kb7 Rb3+ 70. Ka6 Rc1 71. Rh8+ Kd7 72. Rh7+ Ke6 73.
Rh6+ Kf7 74. Rh1 Rxh1 0-1

[Event "Early-Titled-Tuesday-Blitz-June-18-2024"]
[Site "Chess.com"]
[Date "2024.06.18"]
[Round "10"]
[White "GoltsevDmitry2000"]
[Black "Fh2411"]
[Result "0-1"]
[WhiteElo "2704"]
[BlackElo "2577"]
[TimeControl "180+1"]
[EndTime "9:58:51 PDT"]
[Termination "Fh2411 won by checkmate"]

1. e4 c6 2. e5 d5 3. exd6 exd6 4. d4 Nf6 5. Nf3 Be7 6. c4 O-O 7. Nc3 Re8 8. Be2 d5 9. O-O h6 10. Bf4 Bg4 11. a3 Bxf3 12. Bxf3 dxc4 13. d5 cxd5 14. Nxd5 Nc6 15. Nxe7+ Qxe7 16. Bxc6 bxc6 17. Qa4 Qe4 18. Bg3 c3 19. Qb3 cxb2 20. Qxb2 Rac8 21. h3 c5 22. Rac1 c4 23. Qb4 Qd3 24. Rfd1 Qb3 25. Qa5 Qb7 26. Rb1 Qc6 27. Qxa7 c3 28. Rbc1 Ra8 29. Qd4 Rxa3 30. Qb4 Rea8 31. Rd3 Ne4 32. Re3 R3a4 33. Qe7 Rc4 34.
Rf3 Qe6 35. Qb7 Rac8 36. Re3 Qc6 37. Qe7 c2 38. Kh2 Qe6 39. Qb7 Qc6 40. Qe7 Qd5 41. Rf3 Ng5 42. Re3 Qd1 43. Re1 Qd5 44. Qe3 Ne4 45.
Bf4 Nf6 46. Bg3 Re4 47. Qa3 Rxe1 48. Rxe1 Qd1 49. Qa6 c1=Q 50. Rxd1 Qxd1 51. Qxc8+ Kh7 52. Qf5+ Kg8 53. Be5 Ne8 54. Qc8 Qa4 55. Qd8 Qb5 56. Qe7 Qc6 57. Bg3 Qe6 58. Qb7 Nf6 59. Qa8+ Kh7 60.
Qf3 g6 61. Bh4 Nd5 62. Bg3 h5 63. Qb3 Nf6 64. f3 Qxb3 65. Bh4 Nd5 66. Bg3 Qc2 67. h4 Ne3 68. Bf4 Qxg2# 0-1